cohdb
Replays
Latest Replays
All Replays
Popular Replays
Top Player Replays
Match Explorer
How It Works
Community
CoH3 Stats
Reddit
Sign in to upload your games and track your stats! →
Sign in with Steam
Match 36565293
Unlisted
Match 36565293
Overview
Messages
Build Orders
End
Kradschützen Motorcycle Team
Panzergrenadier Squad
Selects Italian Infantry
Construct Light Support Kompanie
Selects Defensive Operations
MG34 Team
2.5-tonne Medical Truck
Panzerpioneer Squad
Fire Support Elements
Selects Guastatori Squad
Guastatori Squad
Pak 38 Mechanized Group
Advanced Field Repairs
Selects Prepared Positions
Guastatori Squad
AI Takeover
peerw11a
GiChüL
BROKEN
Bruistablet
0
0
Comments
sign in to comment!
No comments posted yet!